AoeStats
← makkumme

Arena

507107627Analyzed
4v4 RM · 16d ago on Sep 16, 2026· 46m 29s· 8 players
Game mode
Random Map
Map size
Large (8 player)
Population
200
Speed
Normal
Resources
Standard
Victory
Conquest
Starting age
Dark Age
Ending age
Imperial Age
RankedLock teamsTeams togetherTeam positionsShared explorationLock speedFull tech treeHidden civsTurbo modeCheats
Victory
Defeat
🇹🇼 Teutons · Taiwan
1425
+13
🇯🇵 Spanish · Japan
1422
+13
🇺🇸 Bulgarians · United States
1367
+15
🇺🇸 Persians · United States
1316
+16
🇲🇩 Spanish · Moldova
1367
-15
🇫🇮 Wei · Finland
1346
-14
🇫🇮 Armenians · Finland
1336
-14
🇫🇮 Vietnamese · Finland
1329
-14
tower rusher = kys
10:40 Feudal Age
11:31 Double-Bit Axe
14:28 Castle Age
13:02 Horse Collar
17:08 Bow Saw
17:34 Loom
17:42 Loom
21:44 Heavy Plow
22:44 Wheelbarrow
22:23 Gold Mining
23:13 Wheelbarrow
22:32 Gold Mining
24:08 Hand Cart
24:27 Stone Mining
28:36 Imperial Age
27:35 Stone Shaft Mining
27:45 Scale Barding Armor
27:50 Forging
28:31 Bloodlines
28:21 Husbandry
28:10 Loom
28:40 Cavalier
29:42 Chain Barding Armor
29:57 Iron Casting
30:33 Chemistry
30:37 Paladin
31:54 Plate Barding Armor
33:01 Blast Furnace
35:37 Fletching
37:03 Caravan
42:29 Town Watch
42:41 Bodkin Arrow
43:15 Conscription
43:38 Ballistics
43:26 Bracer
Yasuo, the Unforgiven
7:37 Loom
10:12 Feudal Age
10:41 Double-Bit Axe
10:36 Horse Collar
19:24 Castle Age
17:57 Gold Mining
27:10 Bloodlines
28:02 Scale Barding Armor
29:37 Forging
30:01 Bow Saw
30:51 Chain Barding Armor
31:16 Heavy Plow
32:52 Stone Mining
34:34 Wheelbarrow
37:16 Imperial Age
35:47 Fletching
36:34 Bodkin Arrow
37:09 Padded Archer Armor
36:35 Elite Skirmisher
38:11 Ballistics
38:28 Parthian Tactics
38:06 Bracer
38:51 Leather Archer Armor
39:42 Conscription
40:44 Scale Mail Armor
41:16 Ring Archer Armor
44:46 Ming Guang Armor
makkumme
11:32 Feudal Age
15:30 Castle Age
13:30 Double-Bit Axe
13:42 Horse Collar
20:37 Bow Saw
21:02 Heavy Plow
22:20 Wheelbarrow
23:28 Gold Mining
23:58 Stone Mining
26:22 Stone Shaft Mining
26:25 Hand Cart
26:26 Loom
28:42 Fletching
31:44 Imperial Age
29:06 Elite Skirmisher
29:45 Bodkin Arrow
29:51 Padded Archer Armor
30:10 Chatras
30:16 Chatras
30:27 Thumb Ring
32:22 Leather Archer Armor
33:00 Husbandry
33:04 Bracer
33:35 Ballistics
34:14 Forging
34:12 Elite Battle Elephant
34:16 Pikeman
34:57 Squires
36:13 Crop Rotation
35:15 Halberdier
35:59 Scale Mail Armor
35:55 Imperial Skirmisher
37:17 Iron Casting
38:26 Chain Mail Armor
38:55 Town Watch
cro55b0w
9:34 Feudal Age
16:36 Castle Age
15:53 Man-at-Arms
20:05 Long Swordsman
21:01 Gambesons
22:10 Arson
23:26 Horse Collar
23:50 Scale Mail Armor
23:14 Two-Handed Swordsman
24:05 Double-Bit Axe
25:25 Wheelbarrow
24:41 Loom
25:11 Squires
26:15 Bow Saw
26:35 Gold Mining
27:48 Heavy Plow
28:44 Gold Shaft Mining
28:23 Forging
30:50 Champion
31:45 Pikeman
32:53 Halberdier
33:50 Chain Mail Armor
33:30 Stone Mining
37:55 Imperial Age
36:13 Iron Casting
36:46 Hand Cart
36:19 Town Watch
39:16 Plate Mail Armor
38:26 Capped Ram
43:00 Blast Furnace
44:30 Conscription
mxrider971
8:31 Loom
10:45 Feudal Age
12:54 Horse Collar
15:20 Castle Age
13:25 Double-Bit Axe
16:28 Bow Saw
17:38 Heavy Plow
21:47 Wheelbarrow
23:31 Fletching
24:39 Bodkin Arrow
28:13 Imperial Age
26:02 Hand Cart
26:06 Husbandry
26:11 Padded Archer Armor
27:10 Ballistics
27:15 Leather Archer Armor
27:24 Thumb Ring
28:07 Town Watch
28:14 Heavy Cavalry Archer
29:21 Parthian Tactics
28:55 Gold Mining
30:39 Chemistry
29:49 Bracer
30:01 Bloodlines
31:54 Conscription
32:01 Capped Ram
34:00 Conscription
33:43 Siege Ram
37:27 Squires
36:47 Pikeman
37:30 Scale Mail Armor
38:44 Chain Mail Armor
38:40 Forging
38:34 Halberdier
39:58 Plate Mail Armor
42:00 Forging
45:55 Caravan
IamBritt
10:29 Feudal Age
14:57 Castle Age
13:21 Double-Bit Axe
13:45 Horse Collar
15:36 Bow Saw
15:52 Heavy Plow
20:05 Wheelbarrow
21:42 Gold Mining
24:27 Gold Shaft Mining
27:40 Imperial Age
25:27 Loom
27:10 Scale Barding Armor
27:18 Bloodlines
27:14 Husbandry
27:21 Cavalier
28:22 Chain Barding Armor
29:07 Forging
29:55 Plate Barding Armor
29:24 Savar
30:55 Conscription
32:27 Iron Casting
36:28 Coinage
39:03 Blast Furnace
38:59 Stone Mining
38:44 Light Cavalry
40:39 Hussar
44:28 Two-Man Saw
44:51 Banking
44:56 Crop Rotation
店小贰
10:53 Feudal Age
14:26 Castle Age
12:38 Double-Bit Axe
13:09 Horse Collar
15:24 Bow Saw
20:52 Wheelbarrow
21:23 Heavy Plow
25:03 Loom
28:06 Imperial Age
25:53 Gold Mining
26:33 Hand Cart
27:08 Padded Archer Armor
30:02 Chemistry
29:20 Leather Archer Armor
29:04 Murder Holes
31:22 Ring Archer Armor
34:19 Fletching
34:50 Ballistics
36:05 Conscription
36:06 Squires
36:08 Scale Mail Armor
36:19 Forging
36:52 Guard Tower
37:13 Fortified Wall
36:57 Pikeman
37:22 Arson
37:54 Chain Mail Armor
38:14 Iron Casting
37:36 Halberdier
38:47 Plate Mail Armor
38:17 Bodkin Arrow
39:49 Two-Man Saw
39:35 Scale Barding Armor
40:31 Blast Furnace
40:08 Bloodlines
39:58 Husbandry
39:19 Light Cavalry
40:53 Chain Barding Armor
40:58 Bracer
41:19 Hussar
42:35 Plate Barding Armor
41:49 Cavalier
44:16 Elite Conquistador
藥膏
5:42 Loom
8:42 Feudal Age
19:34 Fletching
24:03 Castle Age
22:48 Double-Bit Axe
24:45 Wheelbarrow
24:58 Bow Saw
24:31 Horse Collar
26:15 Heavy Plow
33:30 Imperial Age
32:40 Gold Mining
33:44 Scale Mail Armor
33:55 Forging
33:37 Stone Mining
34:01 Pikeman
34:41 Squires
34:50 Squires
35:36 Chain Mail Armor
38:03 Iron Casting
39:25 Blast Furnace
40:08 Plate Mail Armor
41:30 Chemistry
40:51 Ballistics
40:26 Halberdier
42:23 Two-Man Saw
42:01 Stone Shaft Mining
45:01 Siege Engineers
Connection lost

Rejoining the realm…

Still unreachable

The connection could not be restored.

Session expired

The server has moved on; the page needs a fresh start.